 Dungeon Crawl Stone Soup version 0.31-a0-187-gba352fbbf7 (webtiles) character file.

Game seed: 2734792888827557266

47 qw the Shooter (level 3, 0/20 HPs)
             Began as a Deep Elf Hunter on June 22, 2023.
             Succumbed to their own poison gas
             ... on level 2 of the Dungeon.
             The game lasted 00:00:29 (1533 turns).

qw the Shooter (Deep Elf Hunter)                    Turns: 1533, Time: 00:00:29

Health: 0/20       AC:  5    Str: 10    XL:     3   Next: 48%
Magic:  5/5        EV: 11    Int: 13    God:
Gold:   32         SH:  0    Dex: 18    Spells: 2/2 levels left

rFire   . . .        Y - +2 shortbow
rCold   . . .        (shield currently unavailable)
rNeg    . . .        d - +0 ring mail
rPois   .            (no helmet)
rElec   .            (no cloak)
rCorr   .            (no gloves)
SInv    .            (no boots)
Will    .....        (no amulet)
Stlth   +            (no ring)
HPRegen 0.23/turn    (no ring)
MPRegen 0.09/turn

%: no passive effects
@: lethally poisoned (0 -> -4)
A: no striking features
a: no special abilities


You were on level 2 of the Dungeon.
You visited 1 branch of the dungeon, and saw 2 of its levels.

You collected 32 gold pieces.


   Skills:
 - Level 1.5 Fighting
 + Level 7.0 Ranged Weapons
 - Level 2.4 Dodging
 - Level 1.2 Stealth


You had 2 spell levels left.
You didn't know any spells.
Your spell library was empty.

Inventory:

Hand Weapons
 Y - a +2 shortbow (weapon)
Armour
 d - a +0 ring mail (worn)
Potions
 a - a potion of ambrosia {unknown}
 e - a potion of curing {unknown}
 f - a potion of might {unknown}
 g - a potion of resistance {unknown}

Dungeon Overview and Level Annotations

Branches:
Dungeon (2/15)

Altars:

Annotations:
D:2 1 runed translucent door, Crazy Yiuf


Message History

Done exploring.
(D) Dungeon
Where to? (* - list waypoints, Enter - D:2, ? - help)
What level of the Dungeon? (default 1, ? - help) Sorry, I don't know how to get there.
Enter note:
Enter note:
Enter note:
Enter note:
Enter note:
Enter note:
Enter note:
Enter note:
Enter note:
Enter note:
Enter note:
Enter note:
Enter note:
Enter note:
Enter note:
Enter note:
Enter note:
Enter note: Really walk into that cloud of poison gas?
You are engulfed in poison gas.
You are poisoned.
You feel very sick.
Crazy Yiuf says, "I'm not crazy!"
1528 ||| Stepping ~*~*~tactically~*~*~ (cloud).
You feel very sick.
You see here a +0 leather armour.
There is a lethal amount of poison in your body!
You feel sick.
There is a lethal amount of poison in your body!
You feel sick.
There is a lethal amount of poison in your body!
You feel sick.
There is a lethal amount of poison in your body!
You feel sick.
There is a lethal amount of poison in your body!
You die...

....###.#.####....####...........
........#.####....#######.#.#####
.../.......#77....77##...........
....#####.##77...777#######.#####
....#####.##777.7777##...........
....#.....##770777777######.#####
.....<....##777077777#......#
#####.....##777ยค77777#####..#
#.....##7777@7777### #..#
#.....###7##+##77### #..# ###
#..^..###7#.g.#77### #..# ..#
########77#...#77### #..#
#.##########77#..)#77### #..#####
...........#77#####7##.# #.......
..###########7777777##.# #.......
..# #############.# #.##.... #.#
#..#..# #.# #.##.###


You could see Crazy Yiuf.

Vanquished Creatures
  A worm (D:2)
  2 dart slugs
  5 bats
  An endoplasm (D:1)
  3 giant cockroaches
  2 goblins (D:2)
  4 hobgoblins
  A jackal (D:2)
  4 kobolds
  3 quokkas
  4 ball pythons
  5 frilled lizards
  3 rats
38 creatures vanquished.

Notes
Turn   | Place    | Note
-------+----------+-------------------------------------------
     0 | D:1      | qw the Deep Elf Hunter began the quest for the Orb.
     0 | D:1      | Reached XP level 1. HP: 12/12 MP: 3/3
     0 | D:1      | 0 ||| qw: Version: 0.3-a-9-g12657ce
     0 | D:1      | 0 ||| qw: Game counter: 2389
     0 | D:1      | 0 ||| qw: Always use a shield: true
     0 | D:1      | 0 ||| qw: God list: Okawaru
     0 | D:1      | 0 ||| qw: Allow faded altars: false
     0 | D:1      | 0 ||| qw: Do Orc after D:15 true
     0 | D:1      | 0 ||| qw: Do second Lair branch before Depths: true
     0 | D:1      | 0 ||| qw: Lair rune preference: random
     0 | D:1      | 0 ||| qw: Plans: Normal
     0 | D:1      | 0 ||| PLANNING D:1-11
   117 | D:1      | Reached skill level 6 in Ranged Weapons
   117 | D:1      | Reached XP level 2. HP: 16/16 MP: 4/4
   426 | D:1      | 426 ||| READING scroll labelled QIWAHOFF POUKH.
   427 | D:1      | 427 ||| READING scroll labelled QAIROL CAILL.
   428 | D:1      | 428 ||| DROPPING scroll of butterflies.
   516 | D:2      | Reached XP level 3. HP: 20/20 MP: 5/5
   976 | D:2      | Reached skill level 7 in Ranged Weapons
  1184 | D:2      | Found a runed translucent door.
  1185 | D:2      | Noticed Crazy Yiuf
  1460 | D:2      | 1460 ||| UPGRADING to +0 ring mail.
  1470 | D:2      | 1470 ||| DROPPING +0 leather armour.
  1471 | D:2      | 1471 ||| READING 2 scrolls labelled WOHITISTIT.
  1472 | D:2      | 1472 ||| READING scroll of enchant weapon.
  1472 | D:2      | 1472 ||| ENCHANTING +1 shortbow.
  1473 | D:2      | 1473 ||| READING scroll labelled FEOBIX KAOR.
  1525 | D:2      | 1525 ||| READING scroll labelled FOSESM GEAVVA.
  1526 | D:2      | 1526 ||| READING scroll labelled DYFIPR FEDIPET.
  1528 | D:2      | 1528 ||| Stepping ~*~*~tactically~*~*~ (cloud).
  1529 | D:2      | HP: 5/20 [poisoned by you (poison gas)]
  1531 | D:2      | HP: 1/20 [poisoned by you (poison gas)]
  1533 | D:2      | Succumbed to their own poison gas

Levels and vault maps discovered:
D:1:      roderic_chinese_lattice_arrival, layout_rooms
D:2:      layout_basic, minmay_cupped, uniq_crazy_yiuf_cottage

Skill      XL: |  1  2  3 |
---------------+----------+-----
Ranged Weapons | 6 7 |  7.0
Fighting       | |  1.5
Dodging        | |  2.4
Stealth        | |  1.2

Action                     || total
---------------------------++-------
   Fire: Shortbow          ||    87
    Use: Scroll            ||     7
 Armour: Leather armour    ||     6
  Dodge: Dodged            ||    24

Table legend:
 A = Non-vault XP
 B = Vault XP
 C = Vault XP percentage of total XP
 D = Non-vault monster count
 E = Vault monster count
 F = Vault count percentage of total count
                 A         B        C        D         E       F
            +---------+---------+-------+---------+---------+-------
      Total |      60 |       8 |  11.8 |      34 |       4 |  10.5
            +---------+---------+-------+---------+---------+-------
        D:1 |      33 |       0 |   0.0 |      19 |       0 |   0.0
        D:2 |      27 |       8 |  22.9 |      15 |       4 |  21.1
            +---------+---------+-------+---------+---------+-------
